cohdb
Replays
Latest Replays
All Replays
Popular Replays
Top Player Replays
Match Explorer
How It Works
Community
CoH3 Stats
Reddit
Sign in to upload your games and track your stats! →
Sign in with Steam
Match 45442540
Unlisted
Match 45442540
Overview
Messages
Build Orders
End
Kradschützen Motorcycle Team
Panzerpioneer Squad
Selects Italian Infantry
Panzerpioneer Squad
250 Light Carrier
Construct Light Support Kompanie
MG34 Team
Panzerjäger Mechanized Group
Selects Guastatori Squad
Guastatori Squad
Construct Mechanized Kompanie
8 Rad Armored Car
Vehicle Survival Package
254 Reconnaissance Tractor
Marder III Tank Destroyer
Construct Panzerarmee Kommand
(502) Bad Gateway
Hellfish
0
0
Comments
sign in to comment!
No comments posted yet!